 Dungeon Crawl Stone Soup version 0.29-a0-341-g24ffce5 (webtiles) character file.

Game seed: 833772694990973285

85 Think the Cutter (level 4, 0/40 HPs)
             Began as an Octopode Fighter on Apr 19, 2022.
             Was a Follower of Hepliaklqana.
             Succumbed to an adder's poison
             ... on level 3 of the Dungeon on Apr 20, 2022.
             The game lasted 00:04:57 (2523 turns).

Think the Cutter (Octopode Fighter)                 Turns: 2523, Time: 00:04:57

Health: 0/40       AC: 22    Str: 15    XL:     4   Next: 48%
Magic:  4/4        EV:  2    Int: 16    God:    Hepliaklqana [*.....]
Gold:   86         SH:  4    Dex: 13    Spells: 3/3 levels left

rFire   + + .      SeeInvis .   a - +0 rapier
rCold   . . .      Faith    .   b - +0 buckler
rNeg    . . .      Spirit   .   (helmet currently unavailable)
rPois   +          Reflect  .   (no amulet)
rElec   .          Harm     .   k - +6 ring of intelligence
rCorr   .          Rampage  .   m - ring of protection from fire
Will    .....      NoTele   +   o - ring of protection from fire
Stlth   +.........              (no ring)
HPRegen 0.13/turn               (no ring)
MPRegen 0.09/turn               (no ring)
                                (no ring)
                                (no ring)

@: lethally poisoned (0 -> -7), tree-form
A: stationary, stasis, torment immunity, boosted hp, reduced essence, almost no
armour, (amphibious), 8 rings, (camouflage 1), (gelatinous body 1), (nimble
swimmer 1), (tentacles)
a: Renounce Religion, Recall Ancestor, Ancestor Identity


You were on level 3 of the Dungeon.
You worshipped Hepliaklqana.
Hepliaklqana was aware of your devotion.
You were a tree.
You visited 1 branch of the dungeon, and saw 3 of its levels.

You collected 86 gold pieces.

Inventory:

Hand Weapons
 a - a +0 rapier (weapon)
Armour
 b - a +0 buckler (worn)
 h - an orb of energy
Jewellery
 k - a +6 ring of intelligence (left branch)
 m - a ring of protection from fire (right branch)
 o - a ring of protection from fire (on tentacle)
 q - a ring of positive energy
Wands
 n - a wand of iceblast (3)
Scrolls
 d - a scroll of amnesia {unknown}
 e - 2 scrolls of teleportation {unknown}
 g - 2 scrolls of identify {unknown}
 j - a scroll of blinking {unknown}
 l - a scroll of silence {unknown}
 p - a scroll of summoning {unknown}
Potions
 c - a potion of might
 f - a potion of mutation {unknown}
 i - a potion of lignification
 r - a potion of curing {unknown}


   Skills:
 - Level 3.0 Fighting
 + Level 4.6 Short Blades
 - Level 3.0 Dodging
 - Level 3.0 Shields


You had 3 spell levels left.
You didn't know any spells.
Your spell library was empty.

Dungeon Overview and Level Annotations

Branches:
Dungeon (3/15)

Altars:
Hepliaklqana
Kikubaaqudgha


Innate Abilities, Weirdness & Mutations

You are a tree.
Your roots penetrate the ground, keeping you stationary.
You cannot be teleported.
You are immune to unholy pain and torment.
Your maximum health is greatly increased.
Your life essence is reduced to manifest your ancestor. (-10% HP)
You cannot wear most types of armour.
((You are amphibious.))
You can wear up to eight rings at the same time.
((Your skin changes colour to match your surroundings (Stealth+).))
((Your rubbery body absorbs attacks. (AC +1, EV +1)))
((You are camouflaged when in or above water. (Stealth+)))
((You have tentacles for arms and can constrict up to eight enemies at once.))


Message History

You are poisoned.
The adder poisons you!
Act hits the adder.
The adder misses you.
You miss the adder. Your grab misses the adder. Your squeeze misses the adder.
The adder is moderately wounded.
You feel sick. The adder bites you. The adder misses you.
Act hits the adder.
The adder barely misses Act.
You hit the adder.
You kill the adder!
You feel sick. The adder misses you. x2
You are too injured to fight recklessly!
You are too injured to fight recklessly!
You are too injured to fight recklessly!
You are too injured to fight recklessly!
You are too injured to fight recklessly!
You are too injured to fight recklessly!
You are too injured to fight recklessly!
You are too injured to fight recklessly!
You are too injured to fight recklessly!
You are too injured to fight recklessly!
You are too injured to fight recklessly!
An adder is nearby!
An adder is nearby!
You closely miss the adder. Your grab misses the adder.
You feel sick. The adder misses you.
You barely miss the adder. Your grab misses the adder.
You feel sick. You block the adder's attack.
Act misses the adder.
You barely miss the adder. Your grab misses the adder.
You feel sick. The adder barely misses you.
Act hits the adder.
The adder bites you.
* * * LOW HITPOINT WARNING * * *
You hit the adder. You grab the adder.
The adder is heavily wounded.
You constrict the adder.
You feel sick.
You are no longer poisoned.
Act hits the adder.
The adder bites you.
* * * LOW HITPOINT WARNING * * *
You are lethally poisoned!
The adder poisons you!
It was a potion of lignification.
You turn into a tree.
Your roots penetrate the ground.
You lose your grip on the adder.
You die...

##.#'## #.....#
#.....# #.....#
##.#+## #.#.#####
######.#.#...
#........#.###.###
#.####.#..♣R......
###.##+#.#.#.S...###
#..........+..<.....
#.#.#......#.....###
#.#.#......#.....#
#.#.#..<...#####.#
#.#.#......# .#
#.#.#......# #
##.#.#..#####


You could see the friendly Act the ancestor and an adder (ally target).

Vanquished Creatures
  An iguana (D:2)
  An adder (D:3)
  A worm (D:2)
  A dart slug (D:2)
  2 bats (D:2)
  4 endoplasms
  2 giant cockroaches
  5 hobgoblins
  4 jackals (D:1)
  A quokka (D:2)
  4 ball pythons (D:2)
  2 frilled lizards (D:2)
  8 goblins
  4 kobolds
  3 rats
43 creatures vanquished.

Vanquished Creatures (collateral kills)
  A hobgoblin (D:3)
1 creature vanquished.

Grand Total: 44 creatures vanquished

Notes
Turn   | Place    | Note
-------+----------+-------------------------------------------
     0 | D:1      | Think the Octopode Fighter began the quest for the Orb.
     0 | D:1      | Reached XP level 1. HP: 16/16 MP: 1/1
   239 | D:1      | Reached XP level 2. HP: 21/21 MP: 2/2
   250 | D:1      | Reached skill level 3 in Short Blades
   838 | D:1      | Found a faded altar of an unknown god.
   985 | D:1      | Prayed at the altar of an unknown god.
   985 | D:1      | Became a worshipper of Hepliaklqana the Forgotten
   985 | D:1      | Reached * piety under Hepliaklqana
  1082 | D:2      | Reached XP level 3. HP: 20/23 MP: 3/3
  1516 | D:2      | Found an ancient bone altar of Kikubaaqudgha.
  1586 | D:2      | Reached skill level 4 in Short Blades
  1586 | D:2      | Reached XP level 4. HP: 2/27 MP: 4/4
  2522 | D:3      | HP: 1/27 [adder (3)]
  2523 | D:3      | Succumbed to an adder's poison

Illustrated notes

Levels and vault maps discovered:
D:1:      erik_arrival_blinker_ship, layout_basic,
          dreamdust_ecumenical_altar_sealed_demon
D:2:      layout_basic, basic_altar, minmay_split_cup_large
D:3:      layout_basic, mainiacjoe_overflow_catch_the_wave

Skill      XL: |  1  2  3 |
---------------+----------+-----
Short Blades   | 3 4 |  4.6
Fighting       | |  3.0
Dodging        | |  3.0
Shields        | |  3.0

Action                   |  1- 3 |  4- 6 || total
-------------------------+-------+-------++-------
Melee: Rapier            |    63 |    18 ||    81
       Constrict         |    18 |     5 ||    23
       Tentacles         |    12 |     2 ||    14
       Punch             |     1 |       ||     1
Invok: Ancestor Identity |     2 |       ||     2
       Recall Ancestor   |     1 |       ||     1
  Use: Potion            |       |     1 ||     1
 Stab: Sleeping          |     8 |     1 ||     9
Armor: Skin              |     3 |     1 ||     4
Dodge: Dodged            |    42 |    10 ||    52
Block: Buckler           |    10 |     2 ||    12

Table legend: (Time is in decaauts)
 A = Elapsed time spent in this place.
 B = Non-inter-level travel time spent in this place.
 C = Inter-level travel time spent in this place.
 D = Time resting spent in this place.
 E = Time spent auto-exploring this place.
 F = Levels seen in this place.
 G = Mean time per level.
                   A        B        C        D        E       F      G
               +--------+--------+--------+--------+--------+-----+--------+
         Total |   2526 |   2387 |    139 |    273 |   1847 |   3 |  842.0 |
       Dungeon |   2526 |   2387 |    139 |    273 |   1847 |   3 |  842.0 |
               +--------+--------+--------+--------+--------+-----+--------+

Top non-repeatable levels by time:
     D:2: 1402 daAuts
     D:1: 1038 daAuts
     D:3: 86 daAuts
